AoeStats
← Blyad _Mann

Black Forest

509430506Analyzed
4v4 RM · 6d ago on Sep 26, 2026· 68m 43s· 8 players
Game mode
Random Map
Map size
Large (8 player)
Population
200
Speed
Normal
Resources
Standard
Victory
Conquest
Starting age
Dark Age
Ending age
Imperial Age
RankedLock teamsTeams togetherTeam positionsShared explorationLock speedFull tech treeHidden civsTurbo modeCheats
Victory
Defeat
🇺🇸 Britons · United States
1035
+15
🇹🇷 Wei · Türkiye
938
+19
🇳🇱 Varangians · Netherlands
934
+19
🇺🇸 Saxons · United States
933
+19
🇨🇴 Khmer · Colombia
1031
-19
🇦🇷 Franks · Argentina
1017
-19
🇷🇺 Danes · Russia
984
-17
🇦🇷 Vietnamese · Argentina
973
-17
BELiKA
1:22 Loom
10:51 Feudal Age
15:21 Castle Age
13:50 Double-Bit Axe
16:54 Wheelbarrow
22:55 Stone Mining
25:38 Bow Saw
25:17 Town Watch
25:31 Gold Mining
27:18 Gold Shaft Mining
27:01 Hand Cart
26:49 Town Patrol
31:10 Imperial Age
28:57 Forging
28:52 Scale Barding Armor
29:38 Husbandry
29:27 Treadmill Crane
30:09 Ballistics
31:43 Iron Casting
31:29 Chain Barding Armor
31:18 Cavalier
32:29 Chivalry
32:49 Conscription
33:58 Blast Furnace
33:32 Paladin
35:03 Plate Barding Armor
35:55 Siege Engineers
35:58 Light Cavalry
54:11 Caravan
LordSakayO
0:27 Loom
14:02 Feudal Age
17:02 Castle Age
17:19 Double-Bit Axe
20:21 Horse Collar
24:47 Heavy Plow
27:52 Bow Saw
30:03 Gold Mining
30:04 Stone Mining
33:50 Imperial Age
32:12 Wheelbarrow
33:36 Gold Shaft Mining
33:38 Stone Shaft Mining
34:20 Hand Cart
34:29 Forging
34:25 Scale Barding Armor
36:01 Iron Casting
35:47 Chain Barding Armor
35:26 Town Watch
35:15 Elite Battle Elephant
36:25 Husbandry
36:35 Bloodlines
36:06 Light Cavalry
37:23 Conscription
38:30 Plate Barding Armor
39:04 Blast Furnace
39:16 Fletching
39:32 Tusk Swords
ASTERIX
8:35 Loom
10:37 Feudal Age
16:38 Castle Age
14:42 Double-Bit Axe
23:18 Horse Collar
24:49 Wheelbarrow
32:02 Imperial Age
29:51 Gold Mining
29:53 Stone Mining
30:30 Bow Saw
30:43 Caravan
30:58 Gambesons
30:59 Arson
31:15 Squires
32:08 Scale Mail Armor
32:18 Forging
31:58 Town Watch
33:11 Conscription
32:56 Hamask
34:23 Ballistics
33:59 Murder Holes
34:18 Forging
34:41 Heavy Plow
36:18 Capped Ram
36:25 Elite Jomsviking
37:40 Hand Cart
38:05 Iron Casting
40:32 Onager
41:33 Onager
41:55 Man-at-Arms
43:07 Long Swordsman
43:48 Siege Onager
44:02 Northmen's Fury
44:15 Two-Handed Swordsman
45:01 Champion
47:00 Chemistry
46:07 Siege Engineers
51:44 Chain Mail Armor
52:29 Blast Furnace
56:19 Siege Ram
59:19 Pikeman
truj
10:27 Feudal Age
17:27 Castle Age
16:14 Horse Collar
16:21 Double-Bit Axe
17:00 Stone Mining
21:06 Loom
26:06 Fletching
28:08 Wheelbarrow
27:40 Gold Mining
30:24 Ballistics
30:56 Hand Cart
36:40 Imperial Age
34:30 Thumb Ring
33:48 Elite Skirmisher
35:57 Bodkin Arrow
36:03 Padded Archer Armor
37:03 Heavy Plow
37:16 Bow Saw
37:52 Stone Shaft Mining
38:17 Bloodlines
37:33 Imperial Skirmisher
38:18 Husbandry
39:27 Chemistry
38:41 Bracer
38:56 Leather Archer Armor
43:04 Two-Man Saw
41:30 Elite Battle Elephant
42:16 Chatras
43:04 Paper Money
43:14 Elite Rattan Archer
43:50 Elite Rattan Archer
45:58 Crop Rotation
50:12 Ring Archer Armor
49:47 Scale Barding Armor
53:06 Chain Barding Armor
59:26 Plate Barding Armor
jstep
1:13 Loom
11:55 Feudal Age
14:07 Wheelbarrow
13:19 Double-Bit Axe
13:16 Horse Collar
17:30 Castle Age
16:38 Gold Mining
17:33 Stone Mining
18:48 Hand Cart
18:51 Bow Saw
21:34 Heavy Plow
24:44 Town Watch
32:07 Imperial Age
29:53 Masonry
29:24 Treadmill Crane
29:37 Clerical Recruitment
31:21 Town Patrol
31:46 Ballistics
31:39 Forging
31:30 Scale Mail Armor
33:21 Fortified Wall
33:42 Architecture
34:14 Chemistry
33:20 Siege Engineers
33:14 Murder Holes
32:58 Man-at-Arms
33:39 Squires
33:24 Gambesons
33:26 Arson
34:40 Crop Rotation
35:14 Two-Man Saw
34:51 Iron Casting
34:31 Chain Mail Armor
34:19 Arrowslits
35:50 Gold Shaft Mining
34:48 Shield Wall
35:12 Sappers
37:06 Hoardings
36:10 Elite Hearth Troop
37:23 Plate Mail Armor
36:44 Fletching
36:23 Long Swordsman
37:32 Conscription
48:02 Bodkin Arrow
53:49 Two-Handed Swordsman
53:51 Elite Varangian Guard
57:49 Bracer
57:55 Scale Barding Armor
58:15 Champion
61:14 Capped Ram
62:21 Siege Ram
Doc Awk
1:42 Loom
11:18 Feudal Age
17:00 Castle Age
17:04 Wheelbarrow
18:21 Double-Bit Axe
28:40 Imperial Age
26:00 Horse Collar
27:22 Padded Archer Armor
27:13 Fletching
28:44 Bodkin Arrow
29:12 Ballistics
30:22 Hand Cart
29:54 Town Watch
30:39 Padded Archer Armor
31:02 Conscription
32:00 Leather Archer Armor
34:19 Bracer
34:50 Light Cavalry
37:34 Ring Archer Armor
38:06 Elite Longbowman
39:11 Yeomen
41:36 Husbandry
43:22 Chemistry
42:34 Forging
42:29 Scale Barding Armor
43:17 Conscription
44:47 Iron Casting
44:32 Chain Barding Armor
45:33 Hoardings
46:57 Bow Saw
46:48 Heavy Plow
48:18 Man-at-Arms
48:43 Gambesons
48:59 Squires
48:19 Pikeman
48:45 Arson
50:55 Warwolf
51:46 Masonry
51:08 Halberdier
52:50 Blast Furnace
51:51 Scale Mail Armor
52:26 Plate Barding Armor
54:32 Two-Man Saw
53:52 Chain Mail Armor
53:40 Caravan
58:00 Architecture
57:36 Siege Engineers
57:44 Careening
64:44 Plate Mail Armor
Blyad _Mann
0:26 Loom
14:42 Feudal Age
18:49 Castle Age
17:35 Double-Bit Axe
18:12 Fishing Lines
23:05 Wheelbarrow
23:25 Gillnets
25:16 Bow Saw
25:09 Stone Mining
25:09 Gold Mining
27:36 Hand Cart
27:10 Town Watch
33:07 Imperial Age
31:15 Caravan
30:51 Vendel Legacy
32:03 Forging
31:53 Scale Mail Armor
32:16 Town Patrol
32:59 Squires
32:45 Gambesons
32:45 Arson
33:59 Iron Casting
33:39 Chain Mail Armor
33:31 Scale Barding Armor
33:11 Elite Varangian Guard
34:42 Conscription
33:42 Gothikon
34:54 Chain Barding Armor
34:53 Guilds
34:45 Caravan
35:49 Blast Furnace
35:20 Husbandry
34:47 Cavalier
37:48 Plate Mail Armor
37:54 Bloodlines
doktoryigitck
0:27 Loom
14:31 Feudal Age
16:04 Town Watch
16:10 Double-Bit Axe
16:22 Gold Mining
20:25 Castle Age
18:22 Stone Mining
19:24 Horse Collar
25:18 Wheelbarrow
25:18 Fervor
25:53 Bow Saw
29:08 Heavy Plow
29:48 Gold Shaft Mining
35:11 Imperial Age
34:13 Fortified Wall
34:05 Scale Mail Armor
34:35 Husbandry
36:58 Chemistry
36:11 Masonry
36:19 Hand Cart
37:03 Bloodlines
36:47 Treadmill Crane
37:18 Heavy Hei Guang Cavalry
37:51 Pikeman
39:12 Padded Archer Armor
39:27 Chain Mail Armor
39:36 Town Patrol
39:55 Squires
39:41 Arson
45:59 Halberdier
47:46 Fletching
49:27 Guard Tower
49:14 Elite Skirmisher
51:27 Man-at-Arms
52:39 Forging
52:36 Scale Barding Armor
53:59 Theocracy
53:40 Block Printing
56:24 Leather Archer Armor
57:07 Stone Shaft Mining
57:28 Caravan
57:59 Coinage
57:12 Long Swordsman
57:58 Two-Handed Swordsman
60:02 Parthian Tactics
59:52 Crossbowman
61:24 Ballistics
62:04 Banking
62:07 Ring Archer Armor
62:13 Iron Casting
61:34 Bodkin Arrow
61:20 Light Cavalry
64:05 Thumb Ring
63:28 Capped Ram
65:50 Crop Rotation
68:18 Tuntian
Connection lost

Rejoining the realm…

Still unreachable

The connection could not be restored.

Session expired

The server has moved on; the page needs a fresh start.